 Dungeon Crawl Stone Soup version 0.31-a0-640-g39d97e502b (webtiles) character file.

Game seed: 6653636212189311907

2834 Arcadio the Trooper (level 10, -17/79 HPs)
             Began as a Human Wanderer on Aug 28, 2023.
             Was a Priest of the Shining One.
             Demolished by an orc knight
             ... wielding a +0 halberd
              (22 damage)
             ... in a bailey.
             The game lasted 00:19:57 (8773 turns).

Arcadio the Trooper (Human Wanderer)                Turns: 8773, Time: 00:19:57

Health: -17/79     AC:  5    Str:  9    XL:     10   Next: 3%
Magic:  12/20      EV: 17    Int: 19    God:    the Shining One [***...]
Gold:   470        SH:  0    Dex: 20    Spells: 8/11 levels left

rFire   . . .        n - +2 dagger of the Magi {elec, SInv Stlth+}
rCold   . . .        (no shield)
rNeg    + . .        d - +0 robe
rPois   .            u - +0 helmet
rElec   .            i - +0 cloak
rCorr   .            l - +0 pair of gloves
SInv    +            (no boots)
Will    .....        (no amulet)
Stlth   +            t - ring of magical power
HPRegen 0.33/turn    k - +6 ring of dexterity
MPRegen 0.17/turn

%: no passive effects
@: glowing
A: no striking features
a: Renounce Religion, Divine Shield, Cleansing Flame


You were in a bailey.
You worshipped the Shining One.
The Shining One was most pleased with you.
You visited 2 branches of the dungeon, and saw 9 of its levels.
You also visited: Bailey.

You collected 470 gold pieces.

Inventory:

Hand Weapons
 a - a +0 hand axe
 f - a +3 dagger of freezing
 n - the +2 dagger of the Magi (weapon) {elec, SInv Stlth+}
   (You found it on level 3 of the Dungeon)

   SInv:      It lets you see invisible.
   Stlth+:    It makes you more stealthy.
 G - a +3 dagger
 I - a +1 morningstar of freezing
Missiles
 o - 2 throwing nets
Armour
 d - a +0 robe (worn)
 g - a scarf of invisibility
 i - a +0 cloak (worn)
 l - a +0 pair of gloves (worn)
 u - a +0 helmet (worn)
Jewellery
 h - a ring of flight
 k - a +6 ring of dexterity (right hand)
 t - a ring of magical power (left hand)
 A - a ring of magical power
 K - a +6 ring of intelligence
Wands
 b - a wand of flame (7)
 y - a wand of mindburst (2)
 F - a wand of digging (4)
Scrolls
 c - 3 scrolls of enchant weapon
 j - 2 scrolls of poison
 m - a scroll of amnesia
 q - 4 scrolls of vulnerability
 w - a scroll of acquirement {unknown}
 x - a scroll of brand weapon {unknown}
 C - 2 scrolls of fear {unknown}
 D - 2 scrolls of immolation
 H - a scroll of torment
 L - a scroll of silence {unknown}
Potions
 e - 5 potions of curing
 p - 3 potions of heal wounds
 s - a potion of brilliance
 v - a potion of enlightenment {unknown}
 z - 3 potions of might
 B - a potion of lignification {unknown}
 E - a potion of cancellation {unknown}
 J - a potion of haste
 M - a potion of invisibility {unknown}
 N - a potion of resistance {unknown}
 O - a potion of mutation {unknown}


   Skills:
 + Level 7.5 Fighting
 - Level 3.8 Short Blades
 - Level 1.1 Axes
 + Level 7.4 Dodging
 - Level 1.0 Spellcasting
 + Level 7.4 Fire Magic
 - Level 1.0 Invocations
 - Level 3.0 Evocations


You had 8 spell levels left.
You knew the following spells:

 Your Spells              Type           Power      Damage    Failure   Level
a - Foxfire               Conj/Fire      60%        2x1d7     4%          1
b - Scorch                Fire           58%        2d7       1%          2

Your spell library contained the following spells:

 Spells                   Type           Power      Damage    Failure   Level
 Sublimation of Blood     Necr           0%         N/A       28%         2
 Wereblood                Tmut           0%         N/A       28%         2
 Sticky Flame             Conj/Fire      15%        2d4       38%         4
 Summon Hydra             Summ           0%         N/A       100%        7


Dungeon Overview and Level Annotations

Branches:
Dungeon (8/15) Zot: 26531  Temple (1/1) D:6 Zot: 5998  Bailey (1/1) Zot: 4980
   Lair: D:8-11

Altars:
Ashenzari
Cheibriados
Dithmenos
Elyvilon
Fedhas
Gozag
Kikubaaqudgha
Nemelex Xobeh
Okawaru
Ru
Uskayaw
Vehumet
Wu Jian
Xom
Yredelemnul
Zin
The Shining One

Annotations:
D:6 2 transporters, eelars's ghost, novice DESu


Message History

The orc knight's mind is blasted!!
The orc knight barely misses you.
Casting: Foxfire (safe; 4% risk of failure)
Confirm with . or Enter, or press ? or * to list all spells.
Flames lash the orc knight.
The orc knight is moderately wounded.
The orc knight's fire resistance burns away.
The orc knight closely misses you.
Unknown command.
Casting: Scorch (safe; 1% risk of failure)
Confirm with . or Enter, or press ? or * to list all spells.
Flames lash the orc knight but do no damage.
The orc knight hits you from afar with a +0 halberd!!
Unknown command.
Casting: Scorch (safe; 1% risk of failure)
Confirm with . or Enter, or press ? or * to list all spells.
Flames lash the orc knight.
The orc knight is burned terribly!
The orc knight is heavily wounded.
The orc knight closely misses you.
Casting: Scorch (safe; 1% risk of failure)
Confirm with . or Enter, or press ? or * to list all spells.
Flames lash the orc knight.
The orc knight is burned terribly!
The orc knight is heavily wounded.
The orc knight hits you from afar with a +0 halberd!
Casting: Scorch (safe; 1% risk of failure)
Confirm with . or Enter, or press ? or * to list all spells.
Flames lash the orc knight but do no damage.
The orc knight hits you from afar with a +0 halberd!!
* * * LOW HITPOINT WARNING * * *
Things that are here:
a +0 halberd; a +0 scale mail The orc knight attacks as it pursues you!
The orc knight hits you from afar with a +0 halberd!
* * * LOW HITPOINT WARNING * * *
The orc knight attacks as it pursues you!
The orc knight closely misses you.
Things that are here:
a +0 halberd; an orc skeleton The orc knight attacks as it pursues you!
The orc knight hits you from afar with a +0 halberd!!
You die...

#.).)...#
#)))....#
#)......#
#..#)#..#
#)##8##)#
#..#.#.)#
#o......#
#.......#
#@...))∩#
#....)..#
##..∩..##
#######


You could see an orc knight (combustible).

Vanquished Creatures
  A wyvern (D:8)
  Menkaure (D:7)
  2 water moccasins
  4 orc warriors
  2 sky beasts (D:7)
  A black bear (D:7)
  An ogre (D:5)
  A phantom (D:5)
  A gnoll sergeant (D:6)
  4 scorpions
  5 wights (D:7)
  2 jellies
  4 orc priests
  7 hounds
  A gnoll bouda (D:4)
  3 iguanas
  3 sleepcaps (D:5)
  Terence (D:2)
  6 orc wizards
  3 adders
  6 gnolls
  A shadow imp (D:6)
  A white imp (D:8)
  2 worms (D:3)
  2 dart slugs
  39 orcs
  5 ball pythons
  5 bats
  8 endoplasms
  3 giant cockroaches
  8 hobgoblins
  A jackal (D:3)
  11 kobolds
  4 quokkas
  5 frilled lizards
  8 goblins
  3 rats
165 creatures vanquished.

Vanquished Creatures (others)
  160 foxfires
160 creatures vanquished.

Grand Total: 325 creatures vanquished

Notes
Turn   | Place    | Note
-------+----------+-------------------------------------------
     0 | D:1      | Arcadio the Human Wanderer began the quest for the Orb.
     0 | D:1      | Arcadio set off with the following items: a +0 hand axe, a
                  | wand of flame (7), a potion of haste, a +0 robe; and the
                  | following spell memorised: Foxfire; and the following
                  | spells available to memorise: Scorch, Sticky Flame.
     0 | D:1      | Reached XP level 1. HP: 13/13 MP: 2/2
    98 | D:1      | Reached XP level 2. HP: 20/20 MP: 3/3
   159 | D:1      | Reached skill level 1 in Fighting
   160 | D:1      | Reached skill level 1 in Dodging
   342 | D:1      | Reached skill level 1 in Short Blades
   342 | D:1      | Reached XP level 3. HP: 26/26 MP: 2/4
   693 | D:1      | Learned a level 2 spell: Scorch
   930 | D:2      | Reached XP level 4. HP: 33/33 MP: 5/5
  1021 | D:2      | Found a faded altar of an unknown god.
  1026 | D:2      | Prayed at the altar of an unknown god.
  1026 | D:2      | Became a worshipper of the Shining One
  1026 | D:2      | Reached * piety under the Shining One
  1237 | D:2      | Noticed Terence
  1264 | D:2      | Killed Terence
  1565 | D:3      | Reached XP level 5. HP: 39/39 MP: 0/6
  1615 | D:3      | Identified the +2 dagger of the Magi {elec, SInv Stlth+}
  1676 | D:3      | Found a radiant altar of Vehumet.
  2195 | D:3      | Found a blossoming altar of Fedhas.
  2494 | D:4      | Reached ** piety under the Shining One
  2791 | D:4      | Reached XP level 6. HP: 44/46 MP: 4/7
  3314 | D:3      | Reached XP level 7. HP: 40/53 MP: 3/8
  3881 | D:4      | Found an ancient bone altar of Kikubaaqudgha.
  4027 | D:5      | Entered Level 5 of the Dungeon
  4368 | D:5      | Noticed a water moccasin
  4374 | D:5      | Killed a water moccasin
  4375 | D:5      | Reached XP level 8. HP: 58/61 MP: 9/9
  4616 | D:5      | Reached skill level 5 in Fighting
  4616 | D:5      | Reached skill level 5 in Fire Magic
  4831 | D:5      | Reached skill level 5 in Dodging
  5894 | D:6      | Identified the +7 falchion of Dim Light {antimagic, *Noise
                  | rElec rN+}
  5898 | D:6      | Found a staircase to the Ecumenical Temple.
  5933 | Temple   | Entered the Ecumenical Temple
  5962 | D:6      | Noticed a wraith
  5966 | D:6      | Noticed a two-headed ogre
  5969 | D:6      | Noticed eelars's ghost (novice DESu)
  5970 | D:6      | Found a transporter.
  6056 | D:6      | Found a transporter.
  6073 | D:6      | Reached XP level 9. HP: 64/69 MP: 8/10
  6704 | D:7      | Reached *** piety under the Shining One
  6817 | D:7      | Noticed Menkaure
  6826 | D:7      | Killed Menkaure
  7507 | D:8      | HP: 1/72 [white imp/puff of frost (5)]
  7743 | D:8      | Found a flagged portal.
  7752 | Bailey   | Entered a bailey
  8282 | Bailey   | Noticed an orc knight
  8621 | Bailey   | Reached XP level 10. HP: 14/79 MP: 3/11
  8767 | Bailey   | HP: 3/79 [orc knight/+0 halberd (10)]
  8773 | Bailey   | Demolished by an orc knight

Illustrated notes

Levels and vault maps discovered:
D:1:      dpeg_arrival_leaves_temple_mockup, layout_basic, minmay_heptomino_o4
D:2:      layout_rooms, shapermc_ecumenical_altar_hornbeckon,
          skrybe_limestone_x, grunt_ministairs_7, uniq_terence
D:3:      minmay_chambers_of_threes, layout_basic,
          lemuel_coloured_pillars_altar, lemuel_doored_altar
D:4:      cheibrodos_old_hovel, layout_cave_pools, kiku_gazebo_pond_becter,
          serial_park, serial_park_fountain, serial_park_tiny_pond,
          serial_park_square3 [serial_park_minivault_5x5_3], serial_park_avenue1
D:5:      layout_loops_ring, serial_aquarium, aquarium_bridge_island_large
          [aquarium_subvault_large_water, aquarium_subvault_bridge,
          aquarium_subvault_wall, aquarium_subvault_bridge,
          aquarium_subvault_bridge], aquarium_bridge_long_separate
          [aquarium_subvault_wall, aquarium_subvault_bridge,
          aquarium_subvault_window, aquarium_subvault_wall,
          aquarium_subvault_bridge, aquarium_subvault_balcony],
          aquarium_window_1, aquarium_window_fake, aquarium_view_2e,
          aquarium_balcony_1b, aquarium_pool_1, grunt_ministairs_1,
          minivault_24, hellmonk_no_cap
D:6:      layout_rooms, minmay_temple_entry_grid, gammafunk_ghost_arena,
          minmay_misc_feat_more_columns, minmay_holes, st_stairs_6
D:7:      layout_rooms, uniq_menkaure
D:8:      layout_cave_pods, chequers_temple_overflow_minitemple,
          lair_entry_dummy, enter_bailey_2
Temple:   nicolae_temple_two_arcs
Bailey:   bailey_polearm_5, bailey

Skill      XL: |  1  2  3  4  5  6  7  8  9 |
---------------+----------------------------+-----
Fighting       | 1 2 3 4 5 7 |  7.5
Dodging        | 1 2 3 4 5 7 |  7.4
Short Blades   | 1 2 3 |  3.8
Fire Magic     | 5 7 |  7.4
Axes           | |  1.1
Spellcasting   | |  1.0
Invocations    | |  1.0
Evocations     | |  3.0

Action                     |  1- 3 |  4- 6 |  7- 9 | 10-12 || total
---------------------------+-------+-------+-------+-------++-------
  Melee: Hand axe          |    10 |       |       |       ||    10
         Dagger            |    37 |   106 |   103 |     6 ||   252
         Punch             |       |     2 |     2 |       ||     4
   Cast: Foxfire           |    17 |    22 |    64 |     1 ||   104
         Scorch            |     1 |    19 |   122 |     6 ||   148
  Evoke: Wand              |       |       |       |     3 ||     3
    Use: Scroll            |       |     7 |     8 |       ||    15
         Potion            |       |     1 |     1 |     1 ||     3
   Stab: Sleeping          |       |     1 |       |       ||     1
 Armour: Robe              |    12 |    26 |    25 |     1 ||    64
  Dodge: Dodged            |    25 |    77 |   109 |    11 ||   222

Table legend: (Time is in decaauts)
 A = Elapsed time spent in this place.
 B = Non-inter-level travel time spent in this place.
 C = Inter-level travel time spent in this place.
 D = Time resting spent in this place.
 E = Time spent auto-exploring this place.
 F = Levels seen in this place.
 G = Mean time per level.
                   A        B        C        D        E       F      G
               +--------+--------+--------+--------+--------+-----+--------+
         Total |   8729 |   8593 |    136 |   2368 |   4687 |  10 |  872.9 |
       Dungeon |   7709 |   7573 |    136 |   1629 |   4683 |   8 |  963.6 |
        Temple |      1 |      1 |      0 |      0 |      0 |   1 |    1.0 |
        Bailey |   1018 |   1018 |      0 |    739 |      4 |   1 | 1018.0 |
               +--------+--------+--------+--------+--------+-----+--------+

Top non-repeatable levels by time:
     D:3: 1731 daAuts
     D:5: 1363 daAuts
     D:6: 1069 daAuts
  Bailey: 1018 daAuts
     D:1: 926 daAuts
     D:7: 808 daAuts
     D:2: 733 daAuts
     D:4: 608 daAuts
     D:8: 468 daAuts
  Temple: 1 daAuts
